3AAA
HAMILTON COYOTES @ PENNSAUKEN FLYERS
09/02/2038
 
TOP OF THE 1ST
Hamilton Coyotes batting - Pitching for Pennsauken Flyers : LHP Jesse Duncan
Pitching: LHP Jesse Duncan
Batting: RHB Elia Amberezzio 0-0: Foul Ball, location: 2F
0-1: Ball
1-1: Foul Ball, location: 2F
1-2: Ball
2-2: Ball
3-2: Ground out 5-3 (Groundball, 56, EV 81.9 MPH)
Batting: LHB Alan Shaw 0-0: Ball
1-0: Called Strike
1-1: Ball
2-1: Ground out 4-3 (Groundball, 4, EV 86.2 MPH)
Batting: RHB Hou Kong 0-0: Called Strike
0-1: Called Strike
0-2: Ball
1-2: Ball
2-2: Strikes out swinging
Top of the 1st over - 0 runs, 0 hits, 0 errors, 0 left on base; Hamilton 0 - Pennsauken 0
BOTTOM OF THE 1ST
Pennsauken Flyers batting - Pitching for Hamilton Coyotes : RHP Jeffrey van Veldhuizen
Pitching: RHP Jeffrey van Veldhuizen
Batting: RHB Carl Herbert 0-0: Ball
1-0: Called Strike
1-1: Ground out 4-3 (Groundball, 4, EV 81.9 MPH)
Batting: LHB Arana Sashi 0-0: Ball
1-0: Ball
2-0: Ball
3-0: Base on Balls
Batting: RHB Jurgen Flurgenburgen 0-0: Swinging Strike
0-1: Ball
Arana Sashi steals 2nd base
1-1: Foul Ball, location: 2F
1-2: Foul Ball, location: 2F
1-2: SINGLE (Line Drive, 9, EV 91.9 MPH)
Arana Sashi to third
Batting: LHB Rafael Barrueco 0-0: Ball
Jurgen Flurgenburgen is caught stealing 2nd base 2-6
1-0: Foul Ball, location: 2F
1-1: Swinging Strike
1-2: 2-RUN HOME RUN (Flyball, 9D, EV 103.1 MPH), Distance : 362 ft
Batting: RHB Preston Johnston 0-0: Ball
1-0: SINGLE (Groundball, 4M, EV 95.0 MPH) (infield hit)
Batting: LHB Michael Cochran 0-0: Ball
1-0: SINGLE (Groundball, 34D, EV 98.1 MPH)
Preston Johnston to second
Runner from 2nd tries for 3rd, SAFE, throw by RF made to third
Batting: RHB Juan Mata 0-0: Ball
1-0: Swinging Strike
1-1: Fly out, F7 (Flyball, 7, EV 89.4 MPH)
Bottom of the 1st over - 2 runs, 4 hits, 0 errors, 2 left on base; Hamilton 0 - Pennsauken 2
TOP OF THE 2ND
Hamilton Coyotes batting - Pitching for Pennsauken Flyers : LHP Jesse Duncan
Batting: RHB Alejandro Serrato 0-0: Foul Ball, location: 2F
0-1: Ball
1-1: Called Strike
1-2: Ball
2-2: Ball
3-2: Foul Ball, location: 2F
3-2: Fly out, F9 (Flyball, 9S, EV 96.2 MPH)
Batting: RHB José Bumgarnor 0-0: Swinging Strike
0-1: Ball
1-1: Ball
2-1: TRIPLE (Flyball, 7LD, EV 110.0 MPH)
Batting: RHB Júlio Robles 0-0: Swinging Strike
0-1: Ball
Passed Ball!
José Bumgarnor scores
1-1: Foul Ball, location: 2F
1-2: Fly out, F7 (Flyball, 7LM, EV 104.4 MPH)
Batting: RHB Yang-joo Pak 0-0: Ball
1-0: Ball
2-0: Foul Ball, location: 2F
2-1: Fly out, F4 (Popup, 4, EV 80.6 MPH)
Top of the 2nd over - 1 run, 1 hit, 0 errors, 0 left on base; Hamilton 1 - Pennsauken 2
BOTTOM OF THE 2ND
Pennsauken Flyers batting - Pitching for Hamilton Coyotes : RHP Jeffrey van Veldhuizen
Batting: LHB Dana Waldrip 0-0: Called Strike
0-1: Foul Ball, location: 2F
0-2: Fly out, F6 (Popup, 6MS, EV 66.2 MPH)
Batting: LHB Will Lee 0-0: Called Strike
0-1: SINGLE (Flyball, 8RS, EV 83.1 MPH)
Batting: RHB Carl Herbert 0-0: Ball
1-0: Foul Ball, location: 2F
1-1: Swinging Strike
1-2: Ground out 4-3 (Groundball, 34, EV 86.2 MPH)
Will Lee to second
Batting: LHB Arana Sashi 0-0: Fly out, F9 (Line Drive, 9, EV 108.8 MPH)
Bottom of the 2nd over - 0 runs, 1 hit, 0 errors, 1 left on base; Hamilton 1 - Pennsauken 2
TOP OF THE 3RD
Hamilton Coyotes batting - Pitching for Pennsauken Flyers : LHP Jesse Duncan
Batting: LHB Don McGhee 0-0: Ball
1-0: Called Strike
1-1: Foul Ball, location: 2F
1-2: Strikes out looking
Batting: LHB Kyoji Hakoda 0-0: Ball
1-0: Foul Ball, location: 2F
1-1: Ball
2-1: Ground out 4-3 (Groundball, 34, EV 85.6 MPH)
Batting: RHB Elia Amberezzio 0-0: Ball
1-0: Ground out 1-3 (Groundball, 13S, EV 70.6 MPH)
Top of the 3rd over - 0 runs, 0 hits, 0 errors, 0 left on base; Hamilton 1 - Pennsauken 2
BOTTOM OF THE 3RD
Pennsauken Flyers batting - Pitching for Hamilton Coyotes : RHP Jeffrey van Veldhuizen
Batting: RHB Jurgen Flurgenburgen 0-0: Ball
1-0: Foul Ball, location: 2F
1-1: Ground out 6-3 (Groundball, 6, EV 84.4 MPH)
Batting: LHB Rafael Barrueco 0-0: Ground out 3-1 (Groundball, 34, EV 102.5 MPH)
Batting: RHB Preston Johnston 0-0: Ball
1-0: Called Strike
1-1: Foul Ball, location: 2F
1-2: Strikes out swinging
Bottom of the 3rd over - 0 runs, 0 hits, 0 errors, 0 left on base; Hamilton 1 - Pennsauken 2
TOP OF THE 4TH
Hamilton Coyotes batting - Pitching for Pennsauken Flyers : LHP Jesse Duncan
Batting: LHB Alan Shaw 0-0: Ball
1-0: Foul Ball, location: 2F
1-1: Swinging Strike
1-2: Ball
2-2: Ground out 4-3 (Groundball, 34, EV 80.6 MPH)
Batting: RHB Hou Kong 0-0: SINGLE (Line Drive, 6M, EV 103.1 MPH)
Batting: RHB Alejandro Serrato 0-0: Foul Ball, location: 2F
0-1: Swinging Strike
0-2: Foul Ball, location: 2F
0-2: Foul Ball, location: 2F
0-2: Ball
1-2: Foul Ball, location: 2F
1-2: 2-RUN HOME RUN (Flyball, 78XD, EV 101.9 MPH), Distance : 411 ft
Batting: RHB José Bumgarnor 0-0: Ball
1-0: Ground out 6-3 (Groundball, 6, EV 105.0 MPH)
Batting: RHB Júlio Robles 0-0: Ball
1-0: Ball
2-0: Foul Ball, location: 2F
2-1: Ball
3-1: Foul Ball, location: 2F
3-2: Reached on error, E4 (Groundball, 4, EV 85.6 MPH)
Batting: RHB Yang-joo Pak 0-0: Called Strike
0-1: Ball
1-1: Ball
2-1: Foul Ball, location: 2F
2-2: Ball
3-2: DOUBLE (Line Drive, 78M, EV 89.4 MPH)
Júlio Robles to third
Júlio Robles scores
Batting: LHB Don McGhee 0-0: Swinging Strike
0-1: Ball
1-1: Swinging Strike
1-2: Strikes out swinging
Top of the 4th over - 3 runs, 3 hits, 1 error, 1 left on base; Hamilton 4 - Pennsauken 2
BOTTOM OF THE 4TH
Pennsauken Flyers batting - Pitching for Hamilton Coyotes : RHP Jeffrey van Veldhuizen
Batting: LHB Michael Cochran 0-0: Ball
1-0: Ball
2-0: Ball
3-0: Called Strike
3-1: SOLO HOME RUN (Flyball, 9D, EV 100.6 MPH), Distance : 356 ft
Batting: RHB Juan Mata 0-0: Ball
1-0: Ball
2-0: Ball
3-0: Base on Balls
Batting: LHB Dana Waldrip 0-0: Ball
1-0: Ball
2-0: Foul Ball, location: 2F
2-1: Ball
3-1: Ground out 4-3 (Groundball, 34D, EV 106.2 MPH)
Juan Mata to second
Batting: LHB Will Lee 0-0: Ball
1-0: Foul Ball, location: 2F
1-1: Foul Ball, location: 2F
1-2: Ball
2-2: Strikes out swinging
Batting: RHB Carl Herbert 0-0: Called Strike
0-1: SINGLE (Line Drive, 9LS, EV 98.8 MPH)
Juan Mata to third
Runner from 3rd tries for Home, SAFE, throw by RF to home
Batting: LHB Arana Sashi 0-0: Swinging Strike
0-1: Ball
1-1: Fly out, F8 (Flyball, 8LM, EV 91.2 MPH)
Bottom of the 4th over - 2 runs, 2 hits, 0 errors, 1 left on base; Hamilton 4 - Pennsauken 4
TOP OF THE 5TH
Hamilton Coyotes batting - Pitching for Pennsauken Flyers : LHP Jesse Duncan
Batting: LHB Kyoji Hakoda 0-0: Ball
1-0: SINGLE (Line Drive, 89S, EV 93.8 MPH)
Batting: RHB Elia Amberezzio 0-0: Sac Bunt to 15 - play at first, batter OUT! 1-4
Kyoji Hakoda to second
Batting: LHB Alan Shaw 0-0: DOUBLE (Line Drive, 7LD, EV 95.6 MPH)
Kyoji Hakoda scores
Pitching: RHP Luis Torrez
Batting: RHB Hou Kong 0-0: Ball
Alan Shaw steals 3rd base
1-0: Ball
2-0: Ball
3-0: Called Strike
3-1: Base on Balls
Batting: RHB Alejandro Serrato 0-0: Fielders Choice at 2nd, 1-6 (Groundball, 34S, EV 78.8 MPH)
Batting: RHB José Bumgarnor 0-0: Ball
1-0: Called Strike
1-1: Called Strike
1-2: Strikes out swinging
Top of the 5th over - 1 run, 2 hits, 0 errors, 2 left on base; Hamilton 5 - Pennsauken 4
BOTTOM OF THE 5TH
Pennsauken Flyers batting - Pitching for Hamilton Coyotes : RHP Jeffrey van Veldhuizen
Batting: RHB Jurgen Flurgenburgen 0-0: Called Strike
0-1: Fly out, F9 (Flyball, 9LS, EV 80.0 MPH)
Batting: LHB Rafael Barrueco 0-0: DOUBLE (Flyball, 78D, EV 88.8 MPH)
Batting: RHB Preston Johnston 0-0: DOUBLE (Flyball, 89XD, EV 108.1 MPH)
Rafael Barrueco scores
Batting: LHB Michael Cochran 0-0: Swinging Strike
0-1: Fly out, F9 (Line Drive, 9, EV 89.4 MPH)
Batting: RHB Juan Mata 0-0: Ball
1-0: Called Strike
1-1: Fly out, F7 (Flyball, 7S, EV 77.5 MPH)
Bottom of the 5th over - 1 run, 2 hits, 0 errors, 1 left on base; Hamilton 5 - Pennsauken 5
TOP OF THE 6TH
Hamilton Coyotes batting - Pitching for Pennsauken Flyers : RHP Luis Torrez
Batting: RHB Júlio Robles 0-0: Foul Ball, location: 2F
0-1: Fly out, F8 (Flyball, 8RS, EV 87.5 MPH)
Batting: RHB Yang-joo Pak 0-0: Swinging Strike
0-1: Called Strike
0-2: SINGLE (Flyball, 9LS, EV 92.5 MPH)
Batting: LHB Don McGhee 0-0: Ball
1-0: Grounds into double play, 4-6-3 (Groundball, 4, EV 104.4 MPH)
Top of the 6th over - 0 runs, 1 hit, 0 errors, 0 left on base; Hamilton 5 - Pennsauken 5
BOTTOM OF THE 6TH
Pennsauken Flyers batting - Pitching for Hamilton Coyotes : RHP Jeffrey van Veldhuizen
Batting: LHB Dana Waldrip 0-0: Ball
1-0: Ball
2-0: Ball
3-0: Called Strike
3-1: Fly out, F4 (Flyball, 34D, EV 89.4 MPH)
Batting: LHB Will Lee 0-0: Ball
1-0: SINGLE (Flyball, 78M, EV 92.5 MPH)
Pitching: RHP Manny Castro
Batting: RHB Carl Herbert 0-0: Ball
1-0: Called Strike
1-1: Fly out, F9 (Flyball, 9D, EV 91.2 MPH)
Batting: LHB Arana Sashi 0-0: Ball
1-0: Ball
2-0: SINGLE (Groundball, 56D, EV 105.6 MPH)
Will Lee to second
Batting: RHB Jurgen Flurgenburgen 0-0: Ball
1-0: Ball
2-0: Fly out, F9 (Flyball, 9S, EV 96.2 MPH)
Bottom of the 6th over - 0 runs, 2 hits, 0 errors, 2 left on base; Hamilton 5 - Pennsauken 5
TOP OF THE 7TH
Hamilton Coyotes batting - Pitching for Pennsauken Flyers : RHP Luis Torrez
Batting: LHB Kyoji Hakoda 0-0: SINGLE (Line Drive, 9S, EV 92.5 MPH)
Batting: RHB Elia Amberezzio 0-0: Bunted foul
0-1: Sac Bunt to P - play at first, batter OUT! 1-4
Kyoji Hakoda to second
Batting: LHB Alan Shaw 0-0: Ball
1-0: Called Strike
1-1: Ball
2-1: Foul Ball, location: 2F
2-2: Fly out, F6 (Flyball, 56D, EV 90.0 MPH)
Batting: RHB Hou Kong 0-0: Ball
1-0: Ball
2-0: Called Strike
2-1: Ball
3-1: Swinging Strike
3-2: Base on Balls
Batting: RHB Alejandro Serrato 0-0: Called Strike
0-1: Fly out, F4 (Line Drive, 4, EV 66.2 MPH)
Top of the 7th over - 0 runs, 1 hit, 0 errors, 2 left on base; Hamilton 5 - Pennsauken 5
BOTTOM OF THE 7TH
Pennsauken Flyers batting - Pitching for Hamilton Coyotes : RHP Manny Castro
Batting: LHB Rafael Barrueco 0-0: Foul Ball, location: 2F
0-1: Ball
1-1: Ball
2-1: Ball
3-1: Called Strike
3-2: Foul Ball, location: 2F
3-2: Foul Ball, location: 2F
3-2: Ground out 4-3 (Groundball, 4, EV 96.9 MPH)
Batting: RHB Preston Johnston 0-0: Foul Ball, location: 2F
0-1: Ball
1-1: Ball
2-1: Foul Ball, location: 2F
2-2: Foul Ball, location: 2F
2-2: Ground out 5-3 (Groundball, 56S, EV 85.6 MPH)
Batting: LHB Michael Cochran 0-0: Foul Ball, location: 2F
0-1: Ball
1-1: Called Strike
1-2: Fly out, F8 (Flyball, 89D, EV 88.1 MPH)
Bottom of the 7th over - 0 runs, 0 hits, 0 errors, 0 left on base; Hamilton 5 - Pennsauken 5
TOP OF THE 8TH
Hamilton Coyotes batting - Pitching for Pennsauken Flyers : RHP Luis Torrez
Batting: RHB José Bumgarnor 0-0: Ball
1-0: Swinging Strike
1-1: Swinging Strike
1-2: Ground out 6-3 (Groundball, 6M, EV 101.9 MPH)
Batting: RHB Júlio Robles 0-0: Swinging Strike
0-1: Ball
1-1: Called Strike
1-2: Ball
2-2: Strikes out swinging
Batting: RHB Yang-joo Pak 0-0: Ground out 4-3 (Groundball, 4, EV 98.8 MPH)
Top of the 8th over - 0 runs, 0 hits, 0 errors, 0 left on base; Hamilton 5 - Pennsauken 5
BOTTOM OF THE 8TH
Pennsauken Flyers batting - Pitching for Hamilton Coyotes : RHP Manny Castro
Batting: RHB Juan Mata 0-0: Ball
1-0: Fly out, F7 (Flyball, 78D, EV 90.0 MPH)
Batting: LHB Dana Waldrip 0-0: Ball
1-0: DOUBLE (Flyball, 78XD, EV 95.0 MPH)
Batting: LHB Will Lee 0-0: Foul Ball, location: 2F
0-1: Ball
1-1: Foul Ball, location: 2F
1-2: Strikes out looking
Batting: RHB Carl Herbert 0-0: Foul Ball, location: 2F
0-1: Ball
1-1: Swinging Strike
1-2: Strikes out swinging
Bottom of the 8th over - 0 runs, 1 hit, 0 errors, 1 left on base; Hamilton 5 - Pennsauken 5
TOP OF THE 9TH
Hamilton Coyotes batting - Pitching for Pennsauken Flyers : RHP Luis Torrez
Pinch Hitting: RHB Zack McLean 0-0: Called Strike
0-1: Ball
1-1: Called Strike
1-2: Foul Ball, location: 2F
1-2: Strikes out swinging
Pitching: LHP Hao Wei
Batting: LHB Kyoji Hakoda 0-0: Ball
1-0: Ball
2-0: Ball
3-0: Base on Balls
Batting: RHB Elia Amberezzio 0-0: Ball
1-0: Fly out, F7 (Flyball, 7, EV 90.0 MPH)
Pinch Hitting: RHB Giddy Potts 0-0: Fly out, F8 (Line Drive, 8LD, EV 102.5 MPH)
Top of the 9th over - 0 runs, 0 hits, 0 errors, 1 left on base; Hamilton 5 - Pennsauken 5
BOTTOM OF THE 9TH
Pennsauken Flyers batting - Pitching for Hamilton Coyotes : RHP Manny Castro
Now at 2B: Pancho Rodríguez
Now in CF: Zack McLean
Batting: LHB Arana Sashi 0-0: Foul Ball, location: 2F
0-1: Swinging Strike
0-2: Strikes out swinging
Batting: RHB Jurgen Flurgenburgen 0-0: Ball
1-0: Called Strike
1-1: Ball
2-1: Foul Ball, location: 2F
2-2: Fly out, F9 (Flyball, 9, EV 95.6 MPH)
Batting: LHB Rafael Barrueco 0-0: Ground out 5-3 (Groundball, 5S, EV 88.8 MPH)
Bottom of the 9th over - 0 runs, 0 hits, 0 errors, 0 left on base; Hamilton 5 - Pennsauken 5
TOP OF THE 10TH
Hamilton Coyotes batting - Pitching for Pennsauken Flyers : LHP Hao Wei
Pitching: LHP Mario Hurrado
Batting: RHB Hou Kong 0-0: Ball
1-0: Foul Ball, location: 2F
1-1: Ball
2-1: Foul Ball, location: 2F
2-2: Ball
3-2: Strikes out looking
Batting: RHB Alejandro Serrato 0-0: Ball
1-0: Called Strike
1-1: Foul Ball, location: 2F
1-2: Strikes out swinging
Batting: RHB José Bumgarnor 0-0: Ball
1-0: Foul Ball, location: 2F
1-1: Ball
2-1: Ball
3-1: Base on Balls
Batting: RHB Júlio Robles 0-0: Ball
1-0: Called Strike
1-1: Ball
2-1: Foul Ball, location: 2F
2-2: Foul Ball, location: 2F
2-2: SINGLE (Groundball, 34, EV 99.4 MPH)
José Bumgarnor to second
José Bumgarnor to third
Batting: RHB Yang-joo Pak 0-0: Ball
1-0: Ball
2-0: Fly out, F8 (Flyball, 8LM, EV 86.9 MPH)
Top of the 10th over - 0 runs, 1 hit, 0 errors, 2 left on base; Hamilton 5 - Pennsauken 5
BOTTOM OF THE 10TH
Pennsauken Flyers batting - Pitching for Hamilton Coyotes : RHP Manny Castro
Pitching: RHP Hansky Paillant
Batting: RHB Preston Johnston 0-0: Ball
1-0: Ball
2-0: Called Strike
2-1: Ball
3-1: Ground out U3 (Groundball, 3, EV 91.9 MPH)
Batting: LHB Michael Cochran 0-0: Ball
1-0: Ball
2-0: Foul Ball, location: 2F
2-1: Ball
3-1: Foul Ball, location: 2F
3-2: Base on Balls
Batting: RHB Juan Mata 0-0: Ball
1-0: Ball
Passed Ball!
Michael Cochran to second
2-0: Swinging Strike
2-1: Ball
3-1: Swinging Strike
3-2: Foul Ball, location: 2F
3-2: Strikes out swinging
Batting: LHB Dana Waldrip 0-0: Ball
1-0: Fly out, F8 (Flyball, 8LXD, EV 91.2 MPH)
Bottom of the 10th over - 0 runs, 0 hits, 0 errors, 1 left on base; Hamilton 5 - Pennsauken 5
TOP OF THE 11TH
Hamilton Coyotes batting - Pitching for Pennsauken Flyers : LHP Mario Hurrado
Batting: RHB Zack McLean 0-0: Ball
1-0: Swinging Strike
1-1: Ball
2-1: Swinging Strike
2-2: Ball
3-2: Strikes out swinging
Batting: LHB Kyoji Hakoda 0-0: DOUBLE (Line Drive, 3D, EV 103.8 MPH)
Pitching: RHP Dong-hua Hao
Batting: RHB Elia Amberezzio 0-0: Called Strike
0-1: Ball
1-1: SINGLE (Groundball, 34D, EV 104.4 MPH)
Kyoji Hakoda to third
Runner from 3rd tries for Home, SAFE, throw by RF to home
Batting: RHB Pancho Rodríguez 0-0: Ball
Elia Amberezzio is caught stealing 2nd base 2-4
1-0: Ball
2-0: Foul Ball, location: 2F
2-1: Foul Ball, location: 2F
2-2: Foul Ball, location: 2F
2-2: Strikes out swinging
Top of the 11th over - 1 run, 2 hits, 0 errors, 0 left on base; Hamilton 6 - Pennsauken 5
BOTTOM OF THE 11TH
Pennsauken Flyers batting - Pitching for Hamilton Coyotes : RHP Hansky Paillant
Batting: LHB Will Lee 0-0: Foul Ball, location: 2F
0-1: Ball
1-1: Swinging Strike
1-2: Ball
2-2: Ground out U3 (Groundball, 34, EV 86.2 MPH)
Batting: RHB Carl Herbert 0-0: Ball
1-0: Called Strike
1-1: Ground out 6-3 (Groundball, 6, EV 83.1 MPH)
Batting: LHB Arana Sashi 0-0: Foul Ball, location: 2F
0-1: Foul Ball, location: 2F
0-2: Ball
1-2: Foul Ball, location: 2F
1-2: Foul Ball, location: 2F
1-2: Foul Ball, location: 2F
1-2: Strikes out swinging, 2-3 out at first.
Bottom of the 11th over - 0 runs, 0 hits, 0 errors, 0 left on base; Hamilton 6 - Pennsauken 5
Friday, April 17th, 2020 - OOTP Baseball 20.8 Build 74